 Dungeon Crawl Stone Soup version 0.31-a0-1327-g8c40ea976f (webtiles) character file.

Game seed: 6854111503766705382

235 Bnni the Apothecary (level 6, -6/46 HPs)
             Began as a Formicid Alchemist on Dec 20, 2023.
             Mangled by a bullfrog (7 damage)
             ... in a sewer.
             The game lasted 00:05:56 (2437 turns).

Bnni the Apothecary (Formicid Alchemist)            Turns: 2437, Time: 00:05:56

Health: -6/46      AC:  2    Str: 12    XL:     6   Next: 27%
Magic:  4/11       EV: 12    Int: 17    God:
Gold:   109        SH:  0    Dex: 14    Spells: 5/12 levels left

rFire   . . .        i - +0 short sword
rCold   . . .        (no shield)
rNeg    . . .        a - +0 robe
rPois   .            (helmet unavailable)
rElec   .            (no cloak)
rCorr   .            (no gloves)
SInv    +            (no boots)
Will    .....        (no amulet)
Stlth   +            (no ring)
HPRegen 0.27/turn    (no ring)
MPRegen 0.12/turn

%: no passive effects
@: lethally poisoned (-6 -> -11), very slow
A: permanent stasis, dig shafts and tunnels, antennae 3, four strong arms
a: Dig


You were in a sewer.
You visited 1 branch of the dungeon, and saw 3 of its levels.
You also visited: Sewer.

You collected 109 gold pieces.

Inventory:

Hand Weapons
 i - a +0 short sword (weapon)
Armour
 a - a +0 robe (worn)
 k - a +0 chain mail
Scrolls
 e - 3 scrolls of identify {unknown}
 f - 2 scrolls of vulnerability {unknown}
 g - a scroll of silence {unknown}
 h - 2 scrolls of poison {unknown}
 j - a scroll of immolation {unknown}
 o - 2 scrolls of fear {unknown}
 p - a scroll of fog {unknown}
 q - a scroll of revelation {unknown}
Potions
 b - 2 potions of magic
 c - a potion of attraction {unknown}
 d - 2 potions of haste {unknown}
 l - a potion of curing {unknown}
 m - a potion of mutation {unknown}
 n - a potion of might {unknown}
 r - a potion of berserk rage {unknown}
 s - a potion of enlightenment {unknown}


   Skills:
 + Level 2.9 Fighting
 - Level 1.7 Dodging
 - Level 2.4 Stealth
 + Level 3.5 Spellcasting
 - Level 0.8 Conjurations
 * Level 6.7 Alchemy


You had 5 spell levels left.
You knew the following spells:

 Your Spells              Type           Power      Damage    Failure   Level
a - Sting                 Conj/Alch      60%        1d6       3%          1
b - Mercury Vapours       Alch/Air       28%        N/A       6%          2
d - Olgreb's Toxic Radia  Alch           26%        N/A       11%         4

Your spell library contained the following spells:

 Spells                   Type           Power      Damage    Failure   Level
 Mephitic Cloud           Conj/Alch/Air  11%        N/A       17%         3
 Sticky Flame             Fire/Alch      14%        2d5       38%         4


Dungeon Overview and Level Annotations

Branches:
Dungeon (3/15)              Sewer (1/1)

Altars:


Innate Abilities, Weirdness & Mutations

You cannot be hasted, slowed, berserked, paralysed or teleported.
You can dig through walls and to a lower floor.
You have a pair of large antennae on your head. (SInv)
Your four strong arms can wield two-handed weapons with a shield.


Message History

The adder misses you. The adder bites you. The bullfrog barely misses you. x2
The adder bites you.
You are poisoned.
The adder poisons you!
Unknown command.
You closely miss the bullfrog.
The bullfrog is heavily wounded.
You feel sick.
You kill the adder!
The bullfrog hits you. x2; The adder bites you.
You are more poisoned.
The adder poisons you! The adder bites you.
Aiming: Sting (safe; 3% risk of failure)
Press: ? - help, Q - select action, (/) - cycle Shift-Dir - straight line, f - adder
Aim: an adder (water, almost dead, extremely poisoned, 57% to hit)
The sting hits the adder.
The adder looks as sick as possible!
You kill the adder!
You feel very sick. The bullfrog hits you.
The bullfrog hits you but does no damage.
The adder bites you. The bullfrog hits you. x2
Unknown command.
Aiming: Sting (safe; 3% risk of failure)
Press: ? - help, Q - select action, (/) - cycle Shift-Dir - straight line, f - bullfrog
Aim: a bullfrog (heavily wounded, extremely poisoned, 67% to hit)
The sting hits the bullfrog.
The bullfrog looks as sick as possible!
The bullfrog is heavily wounded.
You feel sick. The bullfrog closely misses you. The bullfrog barely misses you.
The adder closely misses you.
Unknown command.
Aiming: Sting (safe; 3% risk of failure)
Press: ? - help, Q - select action, (/) - cycle Shift-Dir - straight line, f - adder, p - bullfrog
Aim: an adder (severely wounded, very poisoned, 57% to hit)
The sting misses the adder.
You feel sick. The bullfrog misses you. The bullfrog hits you!
* * * LOW HITPOINT WARNING * * *
The adder barely misses you. The bullfrog hits you!
* * * LOW HITPOINT WARNING * * *
The bullfrog hits you!
You die...

#≈≈≈~~≈#
#≈~~≈~≈
#≈≈~~≈≈#
#~~≈≈≈≈
#≈≈~≈~≈#
#~~~~≈≈
#≈≈~~≈≈#
#≈..~.#
#≈~≈≈≈≈#
#≈..(..
#≈.~≈≈≈#
#≈~~~~#
#≈.≈≈≈≈#
#≈≈≈≈~~
#~~≈≈≈≈#
#≈≈≈~≈~
#~≈@F≈≈#
#≈≈≈~~≈
#≈~SF≈≈#
#≈~~~≈≈
#≈≈≈~≈≈#
#~~≈~≈≈
#≈≈≈~≈~#
#~~≈≈≈≈
#≈≈~≈~~#
#~~≈≈≈≈
##~~.~##
#...~.#
......
#......
..†...#
##.....
#.....


You could see 2 bullfrogs and an adder (very poisoned).

Vanquished Creatures
  3 gnolls (D:3)
  8 adders
  6 river rats
  4 orcs (D:3)
  3 bats
  7 endoplasms
  3 giant cockroaches
  7 goblins
  3 hobgoblins (D:1)
  2 jackals (D:2)
  3 quokkas
  11 ball pythons
  4 frilled lizards
  3 kobolds
  20 rats
87 creatures vanquished.

Notes
Turn   | Place    | Note
-------+----------+-------------------------------------------
     0 | D:1      | Bnni the Formicid Alchemist began the quest for the Orb.
     0 | D:1      | Reached XP level 1. HP: 13/13 MP: 3/3
   274 | D:1      | Reached XP level 2. HP: 20/20 MP: 3/5
   375 | D:1      | Learned a level 2 spell: Mercury Vapours
   755 | D:2      | Reached skill level 1 in Fighting
   862 | D:2      | Reached XP level 3. HP: 26/26 MP: 3/6
  1227 | D:2      | Reached skill level 5 in Alchemy
  1382 | D:2      | Reached XP level 4. HP: 32/32 MP: 3/8
  1992 | D:3      | Reached XP level 5. HP: 12/38 MP: 5/9
  2066 | D:3      | Found a glowing drain.
  2070 | Sewer    | Entered a sewer
  2076 | Sewer    | Learned a level 4 spell: Olgreb's Toxic Radiance
  2116 | Sewer    | Reached skill level 6 in Alchemy
  2328 | Sewer    | Reached XP level 6. HP: 40/46 MP: 6/11
  2437 | Sewer    | HP: 1/46 [bullfrog (7)]
  2437 | Sewer    | Mangled by a bullfrog

Illustrated notes

Levels and vault maps discovered:
D:1:      ncdulo_lavacross, layout_basic, minmay_misc_feat_plants,
          minmay_pentomino_v2
D:2:      layout_loops_ring
D:3:      layout_rooms, minitemple, gup_sewer_entry_spiral, patterned_corridor
Sewer:    sewer_minmay_w

Skill      XL: |  1  2  3  4  5 |
---------------+----------------+-----
Fighting       | 1 2 |  2.9
Alchemy        | 5 6 |  6.7
Spellcasting   | 3 |  3.5
Dodging        | |  1.7
Stealth        | |  2.4
Conjurations   | |  0.8

Action                     |  1- 3 |  4- 6 || total
---------------------------+-------+-------++-------
  Melee: Unarmed           |     5 |       ||     5
         Short sword       |    26 |    50 ||    76
   Cast: Sting             |    36 |    49 ||    85
         Olgreb's Toxic Ra |       |     5 ||     5
Ability: Dig               |       |     1 ||     1
    Use: Scroll            |       |     1 ||     1
 Armour: Robe              |    10 |    66 ||    76
  Dodge: Dodged            |    23 |    53 ||    76

Table legend: (Time is in decaauts)
 A = Elapsed time spent in this place.
 B = Non-inter-level travel time spent in this place.
 C = Inter-level travel time spent in this place.
 D = Time resting spent in this place.
 E = Time spent auto-exploring this place.
 F = Levels seen in this place.
 G = Mean time per level.
                   A        B        C        D        E       F      G
               +--------+--------+--------+--------+--------+-----+--------+
         Total |   2477 |   2412 |     65 |    312 |   1471 |   4 |  619.2 |
       Dungeon |   2080 |   2015 |     65 |    201 |   1357 |   3 |  693.3 |
         Sewer |    397 |    397 |      0 |    111 |    114 |   1 |  397.0 |
               +--------+--------+--------+--------+--------+-----+--------+

Top non-repeatable levels by time:
     D:2: 958 daAuts
     D:1: 745 daAuts
   Sewer: 397 daAuts
     D:3: 376 daAuts
